[Event "Betsys MČR v online bleskovém šachu 2021"]
[Site "Chess.com"]
[Date "2021.04.17"]
[Round "6"]
[White "Jakuboss22005"]
[Black "Smetanka674"]
[Result "1-0"]
[WhiteElo "2067"]
[BlackElo "1758"]
[TimeControl "180+1"]
[EndTime "9:56:16 PDT"]
[Termination "Uživatel Jakuboss22005 zvítězil po vzdání soupeře"]

1. b3 Nf6 2. Bb2 e6 3. Nf3 d5 4.
e3 c5 5. c4 Nc6 6. cxd5 exd5 7. Bb5 Be7 8. O-O O-O 9. h3 Bd7 10. d4 a6 11. Bxc6 Bxc6 12. Nbd2 b6 13. Ne5 Bb7 14.
Ndf3 Nd7 15. Rc1 Nxe5 16. Nxe5 f6 17. Nf3 Rc8 18. dxc5 bxc5 19. Qd2 Qb6 20. Ba3 Rfd8 21. Nh4 Qe6 22. Rfe1 Qe4 23. Nf3 g5 24. Qc2 Qxc2 25.
Rxc2 Bd6 26. Rec1 d4 27. exd4 Bxf3 28. gxf3 Bf4 29. Rd1 cxd4 30. Rxc8 Rxc8 31. Rxd4 Rc2 32. Be7 Be5 33. Ra4 Kf7 34. Bb4 Rc1+ 35. Kg2 Rc3 36.
Bxc3 Bxc3 37. Rxa6 Kg6 38. a4 1-0

[Event "Betsys MČR v online bleskovém šachu 2021"]
[Site "Chess.com"]
[Date "2021.04.17"]
[Round "6"]
[White "Nevimjakhrat"]
[Black "WhiteLittleHorse"]
[Result "1-0"]
[WhiteElo "1479"]
[BlackElo "967"]
[TimeControl "180+1"]
[EndTime "9:56:16 PDT"]
[Termination "Uživatel Nevimjakhrat zvítězil matem"]

1. c4 e5 2. Nc3 c6 3. e4 Nf6 4. g3 Bb4 5. Bg2 Bxc3 6. bxc3 d6 7. d4 exd4 8. cxd4 Be6 9. d5 cxd5 10. cxd5 Bg4 11. Qa4+ Bd7 12. Qd1 Bg4 13. f3 Bd7 14. Ne2 b6 15. O-O O-O 16. f4 Bg4 17. f5 Bxe2 18.
Qxe2 Nbd7 19. Bf4 Nc5 20. e5 dxe5 21. Bxe5 Nxd5 22. Qg4 f6 23. Bb2 Nc7 24. Bxa8 Qxa8 25.
Ba3 Re8 26. Bxc5 bxc5 27. Qc4+ Kh8 28. Qxc5 Re2 29. Rf2 Rxf2 30. Kxf2 Na6 31. Qc4 Qb7 32. Re1 Qb2+ 33. Re2 Qb6+ 34. Kf1 Qb1+ 35. Re1 Qxf5+ 36. Kg1 Qc5+ 37. Qxc5 Nxc5 38. Re8# 1-0

[Event "Betsys MČR v online bleskovém šachu 2021"]
[Site "Chess.com"]
[Date "2021.04.17"]
[Round "6"]
[White "g4g5g4g5"]
[Black "Hanicka1517"]
[Result "1-0"]
[WhiteElo "2003"]
[BlackElo "1625"]
[TimeControl "180+1"]
[EndTime "9:56:17 PDT"]
[Termination "Uživatel g4g5g4g5 zvítězil matem"]

1. e4 e6 2. d3 d5 3. Nd2 c5 4.
Ngf3 Nc6 5. g3 d4 6. Bg2 e5 7. h3 Nf6 8. O-O Be7 9. a3 O-O 10. Nh4 Be6 11. Ndf3 Nd7 12. Nf5 Bxf5 13. exf5 Rc8 14.
Nd2 b5 15. Ne4 c4 16. g4 a5 17. g5 cxd3 18. cxd3 b4 19. Qg4 bxa3 20. bxa3 Nc5 21. Nxc5 Bxc5 22. Be4 Ne7 23. f6 Ng6 24. fxg7 Kxg7 25.
h4 Be7 26. h5 Nf4 27. Qf5 Bxg5 28. Qxh7+ Kf6 29. Qf5+ Ke7 30. Qxg5+ Ke8 31. Qxe5+ Qe7 32.
Qxe7+ Kxe7 33. Bxf4 Rc3 34. Rab1 Rg8+ 35. Bg3 Rxa3 36.
Rb7+ Ke6 37. Rc1 Rh8 38. Rc6# 1-0

[Event "Betsys MČR v online bleskovém šachu 2021"]
[Site "Chess.com"]
[Date "2021.04.17"]
[Round "6"]
[White "ReitteN"]
[Black "svTomas"]
[Result "0-1"]
[WhiteElo "1757"]
[BlackElo "1438"]
[TimeControl "180+1"]
[EndTime "9:56:18 PDT"]
[Termination "Uživatel svTomas zvítězil po vzdání soupeře"]

1. c4 Nf6 2. Nc3 c6 3. g3 e6 4. Bg2 Bb4 5. e3 O-O 6. d4 d5 7. cxd5 Nxd5 8. Bd2 Qa5 9. Qc2 Na6 10. Nge2 Bxc3 11.
bxc3 Qd8 12. Rb1 Rb8 13. a3 Nac7 14. e4 Nf6 15. O-O h6 16. h3 Nb5 17. e5 Nd5 18.
c4 Nxa3 19. Qa2 Nxb1 20. Rxb1 Ne7 21. d5 cxd5 22. cxd5 exd5 23. Nd4 Nf5 24. Nxf5 Bxf5 0-1

[Event "Betsys MČR v online bleskovém šachu 2021"]
[Site "Chess.com"]
[Date "2021.04.17"]
[Round "6"]
[White "jhdghaka"]
[Black "xPsylocke"]
[Result "0-1"]
[WhiteElo "1870"]
[BlackElo "2190"]
[TimeControl "180+1"]
[EndTime "9:56:19 PDT"]
[Termination "Uživatel xPsylocke zvítězil po vzdání soupeře"]

1. e4 e5 2. f4 Bc5 3. Nf3 d6 4. Nc3 Nc6 5. Bb5 Bd7 6. d3 Nge7 7. Na4 Bb6 8. Nxb6 axb6 9. O-O O-O 10. a3 f5 11. exf5 Nxf5 12. Bxc6 Bxc6 13. fxe5 dxe5 14. Bg5 Bxf3 15. Bxd8 Bxd1 16. Bxc7 Bxc2 17. Bxe5 Bxd3 18. Rfd1 Bb5 19. Bc7 Ne3 20. Rd6 Rac8 21. Rxb6 Rxc7 22. Rxb5 Rc2 23. Rxb7 Rff2 24. Rb8+ Kf7 25. Rb7+ Ke8 26.
Kh1 Rxg2 27. Rb8+ Kd7 28. Rb7+ Kc8 0-1

[Event "Betsys MČR v online bleskovém šachu 2021"]
[Site "Chess.com"]
[Date "2021.04.17"]
[Round "6"]
[White "HonzaRubes95"]
[Black "YawningBagel"]
[Result "0-1"]
[WhiteElo "2474"]
[BlackElo "1967"]
[TimeControl "180+1"]
[EndTime "9:56:20 PDT"]
[Termination "Uživatel YawningBagel zvítězil matem"]

1. e4 c6 2. d4 d5 3. exd5 cxd5 4. c3 Nc6 5. Bf4 Nf6 6. Nd2 Bg4 7. Qb3 Qd7 8. Ngf3 Bxf3 9. Nxf3 e6 10. Bb5 Bd6 11. Bxd6 Qxd6 12. O-O O-O 13. Rae1 a6 14. Bd3 b5 15. a3 Rab8 16. Ne5 Qc7 17. Qd1 a5 18. f4 b4 19. axb4 axb4 20. Re3 bxc3 21. bxc3 Ne4 22.
Bxe4 dxe4 23. Qh5 g6 24. Qh4 f5 25. Rg3 Nxe5 26. fxe5 Rb3 27. Qh3 Kg7 28. Re3 h6 29. g4 f4 30. Rxe4 Rxc3 31. Qg2 f3 32. Qd2 Rc2 33. Qe3 Rg2+ 34. Kh1 Qc2 35. Rxf3 Rxh2+ 36. Kg1 Qg2# 0-1

[Event "Betsys MČR v online bleskovém šachu 2021"]
[Site "Chess.com"]
[Date "2021.04.17"]
[Round "6"]
[White "Dasty78"]
[Black "doktorovak"]
[Result "1-0"]
[WhiteElo "2018"]
[BlackElo "1668"]
[TimeControl "180+1"]
[EndTime "9:56:20 PDT"]
[Termination "Uživatel Dasty78 zvítězil po vzdání soupeře"]

1. e4 c5 2. Nf3 Nc6 3. Nc3 e6 4. d4 cxd4 5. Nxd4 a6 6. g3 Bc5 7. Nb3 Ba7 8. Bg2 Nge7 9. Qg4 O-O 10. O-O d5 11. exd5 exd5 12. Qh4 d4 13. Ne4 Qd7 14. Bf4 Ng6 15. Qh5 Nxf4 16. gxf4 Qg4 17. Qg5 f6 18. Qxg4 Bxg4 19. Nd6 Be6 20. f5 Bb8 21. fxe6 Bxd6 22. Bd5 Rfe8 23. Rfe1 Re7 24. Bxc6 bxc6 25. Nxd4 Rc8 26. Nf5 Bxh2+ 27. Kxh2 Ree8 28. Nd6 1-0

[Event "Betsys MČR v online bleskovém šachu 2021"]
[Site "Chess.com"]
[Date "2021.04.17"]
[Round "6"]
[White "vadoto"]
[Black "Sandokanom"]
[Result "0-1"]
[WhiteElo "1355"]
[BlackElo "1758"]
[TimeControl "180+1"]
[EndTime "9:56:24 PDT"]
[Termination "Uživatel Sandokanom zvítězil matem"]

1. e4 c5 2. Nf3 e6 3. Nc3 Nf6 4.
d4 cxd4 5. Nxd4 Bb4 6. f3 d5 7.
Bd2 Bxc3 8. Bxc3 dxe4 9. fxe4 Nxe4 10. Bd3 Nxc3 11. bxc3 Nd7 12. Qe2 Nf6 13. O-O O-O 14. Qe3 a6 15. Rad1 Nd5 16. Qe4 g6 17. Qe5 Nxc3 18.
Nxe6 Qb6+ 19. Kh1 Bxe6 20. Qxc3 Bxa2 21. Bc4 Bxc4 22. Qxc4 Rac8 23. Qd3 Qc6 24. Rd2 b5 25. Qd4 Qc4 26. Qxc4 Rxc4 27. Rfd1 Rfc8 28. Rd8+ Rxd8 29. Rxd8+ Kg7 30. g3 Rxc2 31. Rd6 a5 32. Ra6 a4 33. Ra5 Rb2 34. Ra8 Rb3 35. Ra5 a3 36. Ra4 b4 37.
Ra6 Rb2 38. Ra4 b3 39. Ra7 a2 40. Rxa2 bxa2 41. h4 a1=R# 0-1

[Event "Betsys MČR v online bleskovém šachu 2021"]
[Site "Chess.com"]
[Date "2021.04.17"]
[Round "6"]
[White "TCTCGTGCTATG"]
[Black "fera_v"]
[Result "0-1"]
[WhiteElo "1920"]
[BlackElo "2237"]
[TimeControl "180+1"]
[EndTime "9:56:26 PDT"]
[Termination "Uživatel fera_v zvítězil matem"]

1. e4 e6 2. d4 d5 3. Nd2 Nc6 4.
Ngf3 Nf6 5. c3 dxe4 6. Ng5 e5 7. Ndxe4 Nxe4 8. Nxe4 exd4 9. Bd3 dxc3 10. bxc3 Ne5 11. Qa4+ Bd7 12. Bb5 Nd3+ 13. Kf1 Nxc1 14. Rxc1 a6 15.
Re1 Be7 16. Bxd7+ Qxd7 17. Qb3 Qb5+ 18. Qxb5+ axb5 19. Re2 O-O 20. g3 f5 21. Nd2 Bf6 22. Kg2 Bxc3 23. Nb3 b6 24. Rc1 b4 25. Re7 c5 26. Re6 Rf6 27. Re7 c4 28. Na1 Rxa2 29. Nc2 Rf7 30. Re6 Bd2 31. Nxb4 Bxb4 32. Rxc4 Bc5 33. Rf4 g5 34. Rf3 g4 35. Rd3 Rxf2+ 36. Kh1 Rf1+ 37. Kg2 Rg1# 0-1

[Event "Betsys MČR v online bleskovém šachu 2021"]
[Site "Chess.com"]
[Date "2021.04.17"]
[Round "6"]
[White "Tomasn2003"]
[Black "pavelchrz"]
[Result "0-1"]
[WhiteElo "1135"]
[BlackElo "1702"]
[TimeControl "180+1"]
[EndTime "9:56:27 PDT"]
[Termination "Uživatel pavelchrz zvítězil po vzdání soupeře"]

1. e4 e5 2. Nf3 Nc6 3. Bb5 a6 4. Bxc6 dxc6 5. d4 exd4 6. Qxd4 Bd7 7. Ne5 Nf6 8. Nxd7 Qxd7 9. Qxd7+ Kxd7 10. Nc3 Ke6 11. O-O Bc5 12. Be3 Bxe3 13. fxe3 Rad8 14. Rad1 Rd6 15. h3 Rhd8 16. Rxd6+ Rxd6 17. Rf2 b5 18.
a3 a5 19. b4 a4 20. Kh2 h5 21. Kg3 g6 22. Kf4 Nd7 23. Kg5 Ne5 24. Rf6+ Ke7 25. Rxd6 cxd6 26. Kf4 Nc4 27. Nb1 Ke6 28. g4 hxg4 29.
hxg4 f6 30. Kf3 g5 31. c3 Ke5 32. Kf2 Kxe4 33. Ke2 d5 34. Nd2+ Nxd2 35. Kxd2 Kf3 36. Kd3 Kxg4 37. Ke2 Kf5 38. Kf3 g4+ 39. Kf2 Ke4 40.
Kg3 f5 41. Kf2 g3+ 42. Kxg3 Kxe3 0-1

[Event "Betsys MČR v online bleskovém šachu 2021"]
[Site "Chess.com"]
[Date "2021.04.17"]
[Round "6"]
[White "OlifantCZ"]
[Black "HonzaVykouk"]
[Result "0-1"]
[WhiteElo "2287"]
[BlackElo "2688"]
[TimeControl "180+1"]
[EndTime "9:56:29 PDT"]
[Termination "Uživatel HonzaVykouk zvítězil po vzdání soupeře"]

1. c4 Nf6 2. g3 g6 3. Bg2 Bg7 4.
Nc3 O-O 5. e4 d6 6. Nge2 c6 7. O-O a6 8. h3 Nfd7 9. f4 b5 10. d3 Bb7 11. f5 bxc4 12. dxc4 Ne5 13. b3 a5 14. Kh2 a4 15. Be3 axb3 16. axb3 Rxa1 17. Qxa1 Na6 18. Qc1 Nb4 19. Bh6 Nbd3 20. Qd2 Nc5 21. Bxg7 Kxg7 22. b4 Ncd7 23. Qa2 Qb6 24.
Qb3 Ra8 25. fxg6 hxg6 26. b5 Nc5 27. Qb4 Ncd3 28. Qb3 Qc5 29. bxc6 Bxc6 30. Nd5 Bxd5 31. cxd5 Ra3 32. Qb7 Ra7 33. Qb8 Ra2 34. Nf4 Nxf4 35.
gxf4 Qc2 36. Rg1 Nf3+ 0-1

[Event "Betsys MČR v online bleskovém šachu 2021"]
[Site "Chess.com"]
[Date "2021.04.17"]
[Round "6"]
[White "kalcs"]
[Black "pohoda1966"]
[Result "1-0"]
[WhiteElo "2079"]
[BlackElo "1732"]
[TimeControl "180+1"]
[EndTime "9:56:29 PDT"]
[Termination "Uživatel kalcs zvítězil matem"]

1. e4 e6 2. d4 d5 3. e5 c5 4. c3 Nc6 5. Nf3 Qb6 6. Be2 Nge7 7. O-O cxd4 8. cxd4 Nf5 9. Nc3 Nfxd4 10. Nxd4 Qxd4 11.
Nb5 Qb6 12. Be3 Qd8 13. Bf4 Bc5 14. Rc1 Be7 15. a3 O-O 16. Bd3 a6 17. Nc3 h6 18.
Bb1 Bg5 19. Qd3 g6 20. Bg3 Kg7 21. b4 f5 22. exf6+ Qxf6 23. Rfe1 Bxc1 24. Rxc1 Bd7 25. Na4 Ne5 26. Bxe5 Qxe5 27. Qxg6+ Kh8 28. Qh7# 1-0

[Event "Betsys MČR v online bleskovém šachu 2021"]
[Site "Chess.com"]
[Date "2021.04.17"]
[Round "6"]
[White "dzerenyss"]
[Black "ZdenekRomanek"]
[Result "0-1"]
[WhiteElo "1106"]
[BlackElo "1591"]
[TimeControl "180+1"]
[EndTime "9:56:29 PDT"]
[Termination "Uživatel ZdenekRomanek zvítězil na čas"]

1. e4 e6 2. Nf3 d5 3. exd5 exd5 4. Nc3 Nf6 5. d4 c6 6. Bg5 Bd6 7. Bd3 O-O 8. O-O Nbd7 9. Re1 Re8 10. Rxe8+ Qxe8 11. Qe2 Qxe2 12. Nxe2 Ne4 13. Bxe4 dxe4 14. Nd2 f5 15. Ng3 Nb6 16. Re1 h6 17. Be3 f4 18. c4 fxe3 19. Rxe3 Bxg3 20. hxg3 Bf5 21. Nxe4 Nxc4 22. Nc3 Nxe3 23. fxe3 Re8 24. Kf2 a5 25. a3 Bg4 26. b4 axb4 27. axb4 Ra8 0-1

[Event "Betsys MČR v online bleskovém šachu 2021"]
[Site "Chess.com"]
[Date "2021.04.17"]
[Round "6"]
[White "masodj"]
[Black "pburak"]
[Result "1-0"]
[WhiteElo "1732"]
[BlackElo "1193"]
[TimeControl "180+1"]
[EndTime "9:56:30 PDT"]
[Termination "Uživatel masodj zvítězil po vzdání soupeře"]

1. e4 e5 2. Nf3 Nc6 3. Bc4 Bc5 4. b4 Bxb4 5. c3 Be7 6. d4 exd4 7. cxd4 d5 8. Bxd5 Be6 9. Bxe6 fxe6 10. O-O Qd7 11. d5 Na5 12. Bb2 Bf6 13. e5 Be7 14. dxe6 Qxe6 15.
Qa4+ Nc6 16. Rd1 Nh6 17. Nc3 O-O 18. Qb3 Qxb3 19. axb3 Ng4 20. Nd5 Bc5 21. Rd2 Rad8 22. Rad1 Nb4 23. Nxb4 Bxb4 24. Rxd8 Rxd8 25. Rxd8+ 1-0

[Event "Betsys MČR v online bleskovém šachu 2021"]
[Site "Chess.com"]
[Date "2021.04.17"]
[Round "6"]
[White "Rozmetal"]
[Black "fortale"]
[Result "1/2-1/2"]
[WhiteElo "2152"]
[BlackElo "2331"]
[TimeControl "180+1"]
[EndTime "9:56:31 PDT"]
[Termination "Remíza opakováním pozice"]

1. e4 c5 2. Nf3 d6 3. d4 cxd4 4. Nxd4 Nf6 5. Nc3 g6 6. Bc4 Bg7 7. O-O O-O 8. Re1 Nc6 9. Bb3 Qb6 10. Nxc6 bxc6 11. Bg5 Be6 12. Qd2 Rfe8 13. Rad1 Rad8 14. Bh6 Bxh6 15. Qxh6 Qxf2+ 16. Kxf2 Ng4+ 17. Kg3 Nxh6 18. Bxe6 fxe6 19. Rd4 Rb8 20. b3 Nf7 21. Ra4 Rb7 22. Ne2 e5 23. c4 Ng5 24. Nc3 Ne6 25. Ra6 Nd4 26. Ne2 Nxe2+ 27. Rxe2 Rc7 28. Rd2 Kf7 29. Kf3 Ke6 30. Ke3 Rb8 31. Rd1 Rb6 32. Ra5 a6 33. c5 dxc5 34. Rxc5 Rb5 35. Rdc1 Rxc5 36. Rxc5 Kd6 37.
Ra5 Ra7 38. Kd3 Ra8 39. Kc4 Rf8 40. Rxa6 Rf2 41. b4 Kd7 42. Ra7+ Kd6 43. Ra6 Kd7 44. Ra7+ Kd6 45. Ra6 1/2-1/2

[Event "Betsys MČR v online bleskovém šachu 2021"]
[Site "Chess.com"]
[Date "2021.04.17"]
[Round "6"]
[White "TrickyPeat"]
[Black "DiscoSTU666"]
[Result "1-0"]
[WhiteElo "2204"]
[BlackElo "1888"]
[TimeControl "180+1"]
[EndTime "9:56:31 PDT"]
[Termination "Uživatel TrickyPeat zvítězil po vzdání soupeře"]

1. e4 c5 2. Nf3 d6 3. d3 Nc6 4. Nbd2 g6 5. g3 Bg7 6. Bg2 e6 7. O-O Nge7 8. Re1 O-O 9. a4 a6 10. h4 Rb8 11. h5 b5 12. axb5 axb5 13. hxg6 fxg6 14. Ng5 Bd4 15. Ndf3 Bg7 16. c3 e5 17. Qb3+ Kh8 18. Nf7+ Rxf7 19. Qxf7 Bg4 20. Ng5 Qd7 21.
Qb3 h6 22. Nf3 Rf8 23. Nh2 Bh3 24. Qxb5 Bxg2 25. Kxg2 g5 26. Ra6 Qc8 27. Be3 Nb8 28. Ra7 Ng6 29. Qb7 Qxb7 30. Rxb7 Nc6 31. Ra1 1-0

[Event "Betsys MČR v online bleskovém šachu 2021"]
[Site "Chess.com"]
[Date "2021.04.17"]
[Round "6"]
[White "Mikkes33"]
[Black "Federer302"]
[Result "0-1"]
[WhiteElo "1288"]
[BlackElo "1583"]
[TimeControl "180+1"]
[EndTime "9:56:32 PDT"]
[Termination "Uživatel Federer302 zvítězil na čas"]

1. e4 c5 2. Nf3 g6 3. d4 cxd4 4. Nxd4 Bg7 5. Be3 Nc6 6. Nc3 Nf6 7. f3 O-O 8. Qd2 d5 9. exd5 Nxd5 10. Nxd5 Qxd5 11.
Nxc6 bxc6 12. c3 Qxd2+ 13. Bxd2 Rb8 14. O-O-O Be6 15. b3 a5 16. Bf4 Rb7 17. Ba6 Ra7 18.
Be2 Bxc3 19. Rd3 Bg7 20. Rhd1 a4 21. Rd8 axb3 22. Rxf8+ Bxf8 23. axb3 Bxb3 24. Rd8 Kg7 25. Be5+ f6 26. Bd4 Ra2 27. Bf1 Kf7 28. Rb8 Bh6+ 29. Kb1 Bd5 30. Rb7 Ra3 31. Bc5 Rb3+ 32. Ka1 Rxb7 0-1

[Event "Betsys MČR v online bleskovém šachu 2021"]
[Site "Chess.com"]
[Date "2021.04.17"]
[Round "6"]
[White "Skalicky"]
[Black "Sfreedom01"]
[Result "0-1"]
[WhiteElo "939"]
[BlackElo "1334"]
[TimeControl "180+1"]
[EndTime "9:56:32 PDT"]
[Termination "Uživatel Sfreedom01 zvítězil po vzdání soupeře"]

1. d4 g6 2. e4 e6 3. Nc3 Bg7 4. Nf3 c6 5. Be2 d5 6. exd5 cxd5 7. O-O Ne7 8. Bg5 O-O 9. Bxe7 Qxe7 10. Qd3 Nc6 11. Rfd1 b6 12. Rac1 a5 13. a4 Ba6 14.
Qd2 Bxe2 15. Nxe2 Rfc8 16. Ng3 Nb4 17. c3 Nc6 18. Re1 Re8 19. Ne5 Nxe5 20. dxe5 Rac8 21. Re3 Rc4 22. Rf3 Bxe5 23. Qh6 Bg7 24. Qf4 Rxf4 25. Rxf4 e5 26. Rf3 e4 27. Re3 Qd7 28. Rce1 Qxa4 29.
Ne2 Qc2 30. Rc1 Qxb2 31. Re1 Rc8 32. g3 Bxc3 33. Nxc3 Rxc3 34. Rxc3 Qxc3 35. Kf1 Qf3 36. Rb1 d4 37. Rxb6 d3 38. Rb8+ Kg7 39. Ra8 d2 40. Rd8 Qd1+ 41. Kg2 Qe1 42. Kh3 d1=Q 43. Rxd1 Qxd1 0-1

[Event "Betsys MČR v online bleskovém šachu 2021"]
[Site "Chess.com"]
[Date "2021.04.17"]
[Round "6"]
[White "FaceOfLightning"]
[Black "mravecuk"]
[Result "0-1"]
[WhiteElo "2000"]
[BlackElo "2265"]
[TimeControl "180+1"]
[EndTime "9:56:33 PDT"]
[Termination "Uživatel mravecuk zvítězil po vzdání soupeře"]

1. Nf3 d5 2. d4 e6 3. Bf4 Bd6 4. Bg3 c5 5. e3 Nc6 6. c3 Nge7 7. Bd3 c4 8. Bc2 f5 9. Nbd2 O-O 10. Ne5 Bxe5 11.
dxe5 b5 12. a3 Bd7 13. Nf3 a5 14. Nd4 Qb6 15. Qd2 b4 16. O-O bxc3 17. bxc3 Rab8 18. Rfb1 Qc5 19. a4 h6 20. Rb5 Rxb5 21. Nxb5 Rb8 22. Rb1 Nd8 23. Qd4 Qxd4 24. exd4 Bxb5 25. Rxb5 Rxb5 26.
axb5 Nc8 27. Bh4 g5 28. Bg3 f4 29. Ba4 Nb6 30. Bc2 fxg3 31. hxg3 a4 32. f4 a3 33. Bb1 Na4 0-1

[Event "Betsys MČR v online bleskovém šachu 2021"]
[Site "Chess.com"]
[Date "2021.04.17"]
[Round "6"]
[White "Tolja1"]
[Black "VojtaT"]
[Result "1-0"]
[WhiteElo "2040"]
[BlackElo "1734"]
[TimeControl "180+1"]
[EndTime "9:56:33 PDT"]
[Termination "Uživatel Tolja1 zvítězil po vzdání soupeře"]

1. Nf3 Nf6 2. c4 c6 3. Nc3 d5 4. e3 g6 5. d4 Bg7 6. Be2 O-O 7. O-O Nbd7 8. cxd5 cxd5 9. Qb3 Nb6 10. a4 e6 11.
a5 Nbd7 12. Bd2 b6 13. a6 Re8 14. Nb5 Nf8 15. Rfc1 Ne4 16. Bb4 Bd7 17. Nc7 Rc8 18. Nxe8 Qxe8 19. Bf1 h6 20. Ne5 Bxe5 21. dxe5 Nh7 22.
Bd6 Qd8 23. f3 Nc5 24. Bxc5 Rxc5 25. Rxc5 bxc5 26. Qb7 1-0

[Event "Betsys MČR v online bleskovém šachu 2021"]
[Site "Chess.com"]
[Date "2021.04.17"]
[Round "6"]
[White "Mimochodem"]
[Black "DenryS"]
[Result "0-1"]
[WhiteElo "1793"]
[BlackElo "2097"]
[TimeControl "180+1"]
[EndTime "9:56:37 PDT"]
[Termination "Uživatel DenryS zvítězil po vzdání soupeře"]

1. e4 g6 2. d4 Bg7 3. c4 c5 4. d5 d6 5. Qc2 f5 6. Bd3 fxe4 7. Bxe4 Nf6 8. Bd3 O-O 9. Ne2 e6 10. dxe6 Bxe6 11. O-O Nc6 12. Bg5 Nb4 13. Qd2 Nxd3 14. Qxd3 Qd7 15. Nbc3 Bf5 16. Qg3 Rae8 17. Rad1 Ne4 18.
Nxe4 Rxe4 19. Nc3 Be5 20. Qd3 Rg4 21. Qd5+ Be6 22. Qd2 Bxc4 23. Rfe1 Qc6 24. Nd5 Bxd5 25. Qxd5+ Qxd5 26. Rxd5 Rxg5 27. g3 Rgf5 28. f4 Bd4+ 29. Rxd4 cxd4 30. Re6 d3 31. Kf2 Rd5 32. Ke1 d2+ 33.
Kd1 Rc8 0-1

[Event "Betsys MČR v online bleskovém šachu 2021"]
[Site "Chess.com"]
[Date "2021.04.17"]
[Round "6"]
[White "JuliliaR"]
[Black "AlenaSouralova"]
[Result "1-0"]
[WhiteElo "1320"]
[BlackElo "909"]
[TimeControl "180+1"]
[EndTime "9:56:39 PDT"]
[Termination "Uživatel JuliliaR zvítězil matem"]

1. d4 d5 2. c4 e5 3. dxe5 d4 4. Nf3 Nc6 5. Bg5 Be7 6. Bxe7 Ngxe7 7. Nbd2 Nxe5 8. Nxe5 Bf5 9. Nef3 Nc6 10. g3 Nb4 11. Qa4+ Nc6 12. Qb3 Qd7 13. Rd1 O-O-O 14. e3 dxe3 15.
fxe3 Rde8 16. Kf2 Bg4 17. Bg2 f5 18. h3 Bxf3 19. Nxf3 Qf7 20. Nd4 Nxd4 21. Qxb7+ Kd7 22. Rxd4+ Ke6 23. Bd5+ Ke7 24. Bxf7 Kxf7 25. Qxc7+ Kf8 26.
Rd7 g5 27. Rf7+ Kg8 28. Rg7+ Kf8 29. Qf7# 1-0

[Event "Betsys MČR v online bleskovém šachu 2021"]
[Site "Chess.com"]
[Date "2021.04.17"]
[Round "6"]
[White "Evca64"]
[Black "Tomasbezdek07"]
[Result "1-0"]
[WhiteElo "2072"]
[BlackElo "1704"]
[TimeControl "180+1"]
[EndTime "9:56:40 PDT"]
[Termination "Uživatel Evca64 zvítězil po vzdání soupeře"]

1. e4 d6 2. d4 Nf6 3. Nc3 Nbd7 4. f4 e5 5. Nf3 exd4 6. Nxd4 Nc5 7. Bd3 Bg4 8. Nde2 Be7 9. O-O O-O 10. h3 Bxe2 11.
Qxe2 c6 12. Be3 Nxd3 13. Qxd3 d5 14. exd5 Nxd5 15. Nxd5 Qxd5 16. Qxd5 cxd5 17. c3 Rfe8 18. Bd4 Bh4 19. Bf2 Bxf2+ 20. Rxf2 Re4 21. Rd1 Rd8 22.
g3 d4 23. Rfd2 Rde8 24. Rxd4 Re3 25. R4d3 Re2 26. R1d2 Re1+ 27. Kf2 h6 28. Rd7 R1e7 29. Rxe7 Rxe7 30. Rd8+ Kh7 31. Rb8 Kg6 32. Kf3 Kf5 33. g4+ Kf6 34. c4 g5 35. b4 Rd7 36. fxg5+ hxg5 37. c5 Rd3+ 38. Ke4 Rxh3 39. Rxb7 Rg3 40. c6 Rxg4+ 41.
Kd5 Rg1 42. Rb5 g4 43. c7 Rd1+ 44. Ke4 1-0

[Event "Betsys MČR v online bleskovém šachu 2021"]
[Site "Chess.com"]
[Date "2021.04.17"]
[Round "6"]
[White "matycz07"]
[Black "Mikulas19"]
[Result "0-1"]
[WhiteElo "1013"]
[BlackElo "1857"]
[TimeControl "180+1"]
[EndTime "9:56:41 PDT"]
[Termination "Uživatel Mikulas19 zvítězil matem"]

1. e4 e5 2. Nf3 Nf6 3. Bc4 Nxe4 4. d3 Nf6 5. Ng5 d5 6. Bb3 h6 7. Nh3 Bd6 8. Nc3 c6 9. O-O O-O 10. d4 e4 11. Bf4 Bxh3 12. gxh3 Bxf4 13. f3 exf3 14.
Qxf3 Bd6 15. Kh1 Nbd7 16. Rg1 Kh7 17. Qg2 g6 18. Ne2 Nh5 19. c3 Ndf6 20. Bc2 Ne4 21. Bxe4 dxe4 22. Qxe4 Qe7 23. Rxg6 Qxe4+ 24. Rg2 Rg8 25.
Rg1 Rxg2 26. Rxg2 Rg8 27. Ng3 Qe1+ 28. Rg1 Nxg3+ 29. hxg3 Qe4+ 30. Rg2 Rxg3 31. h4 Qxg2# 0-1

[Event "Betsys MČR v online bleskovém šachu 2021"]
[Site "Chess.com"]
[Date "2021.04.17"]
[Round "6"]
[White "Jacques_se_mas"]
[Black "Drak1961"]
[Result "0-1"]
[WhiteElo "1748"]
[BlackElo "2088"]
[TimeControl "180+1"]
[EndTime "9:56:42 PDT"]
[Termination "Uživatel Drak1961 zvítězil na čas"]

1. d4 Nf6 2. Bg5 g6 3. Bxf6 exf6 4. e3 d5 5. g3 Be7 6. Bg2 c6 7. c4 dxc4 8. Nc3 Be6 9. Nge2 Qb6 10. Qd2 Na6 11. a3 Rd8 12. O-O O-O 13. Nf4 Qc7 14. Qe2 b5 15. Nxe6 fxe6 16. Qf3 Nb8 17. Bh3 f5 18.
Kh1 a6 19. a4 b4 20. Na2 c5 21. dxc5 Qxc5 22. Rfc1 Bf6 23. Rab1 Nc6 24. Bg2 Na5 25.
Qf4 Rd2 26. Bf3 Bxb2 27. Rd1 Rxd1+ 28. Rxd1 Bg7 29. Rc1 b3 30. Nc3 b2 0-1

[Event "Betsys MČR v online bleskovém šachu 2021"]
[Site "Chess.com"]
[Date "2021.04.17"]
[Round "6"]
[White "LiborRojar"]
[Black "SamikGame"]
[Result "1-0"]
[WhiteElo "2067"]
[BlackElo "1663"]
[TimeControl "180+1"]
[EndTime "9:56:47 PDT"]
[Termination "Uživatel LiborRojar zvítězil na čas"]

1. e4 e5 2. Nf3 Nc6 3. Bb5 Bc5 4.
O-O Qf6 5. Nc3 Nge7 6. d3 h6 7. Nd5 Nxd5 8. exd5 Ne7 9. Qe2 O-O 10. Qxe5 Qxe5 11.
Nxe5 d6 12. Nf3 Nxd5 13. Bc4 Nf6 14. d4 d5 15. Bb3 Bb6 16. Bf4 Re8 17. Rfe1 Bg4 18. c3 Bxf3 19. gxf3 Nh5 20. Bd2 c5 21.
dxc5 Bxc5 22. Bxd5 Red8 23. c4 Nf6 24. Ba5 Rd7 25.
Rad1 Nxd5 26. Rxd5 Rxd5 27. cxd5 b6 28. Bc3 Rd8 29.
Rd1 a6 30. b4 Bd6 31. h3 b5 32. a3 Bf4 33. Kf1 f6 34. Ke2 1-0

[Event "Betsys MČR v online bleskovém šachu 2021"]
[Site "Chess.com"]
[Date "2021.04.17"]
[Round "6"]
[White "MaTpAt113"]
[Black "Michal5"]
[Result "0-1"]
[WhiteElo "850"]
[BlackElo "1202"]
[TimeControl "180+1"]
[EndTime "9:56:50 PDT"]
[Termination "Uživatel Michal5 zvítězil po vzdání soupeře"]

1. e4 c5 2. Nf3 d6 3. d4 cxd4 4. Nxd4 Nf6 5. Nc3 g6 6. Bc4 Bg7 7. Bf4 O-O 8. e5 dxe5 9. Bxe5 Nc6 10. Nxc6 Qxd1+ 11. Rxd1 bxc6 12. Bxf6 Bxf6 13. Ne4 Bxb2 14. O-O Be5 15. h3 Bf5 16. Nc5 Rad8 17. Rxd8 Rxd8 18. Nb7 Rb8 19. Nc5 Rb2 20. Nd3 Bxd3 21. cxd3 a5 22.
a4 Rb4 23. Ba2 Rxa4 24. Bc4 e6 25. Rb1 Kf8 26. Rb6 c5 27. Rb5 Bd4 28. Rb8+ Ke7 29.
Bb5 Rb4 30. Rb7+ Kd6 31. Rb6+ Kc7 32. Rc6+ Kb7 33. Rxc5 Bxc5 34. Bc4 Rb1+ 35. Kh2 Bd6+ 36. g3 Rb2 37. Kg2 Bc5 38. Kf3 Rxf2+ 39. Ke4 f5+ 40. Ke5 Re2+ 41. Kf6 0-1

[Event "Betsys MČR v online bleskovém šachu 2021"]
[Site "Chess.com"]
[Date "2021.04.17"]
[Round "6"]
[White "Cenisuh"]
[Black "iDarkTraveler"]
[Result "0-1"]
[WhiteElo "1601"]
[BlackElo "1955"]
[TimeControl "180+1"]
[EndTime "9:56:51 PDT"]
[Termination "Uživatel iDarkTraveler zvítězil na čas"]

1. d4 d5 2. Nf3 Nf6 3. g3 Bf5 4.
Bg2 c6 5. O-O g6 6. b3 Bg7 7. e3 O-O 8. c4 Ne4 9. Bb2 Qa5 10.
Nbd2 Nc3 11. Bxc3 Qxc3 12. Rc1 Qb2 13. cxd5 cxd5 14. a4 Nc6 15. Ne5 Nxe5 16. dxe5 Bxe5 17. Bxd5 Bh3 18. Nc4 Qa2 19. Nxe5 Bxf1 20. Qxf1 e6 21. Bc4 Qb2 22. Nd3 Qg7 0-1